 Dungeon Crawl Stone Soup version 0.19.4 (webtiles) character file.

486 Jynx the Conjurer (level 6, -6/32 HPs)
             Began as a Deep Elf Conjurer on Feb 5, 2017.
             Mangled by Duvessa
             ... wielding a +0 short sword
              (11 damage)
             ... on level 4 of the Dungeon.
             The game lasted 00:06:02 (4003 turns).

Jynx the Conjurer (Deep Elf Conjurer)               Turns: 4003, Time: 00:06:03

Health: -6/32      AC:  3    Str:  6    XL:     6   Next: 89%
Magic:  6/15       EV: 14    Int: 21    God:
Gold:   240        SH:  0    Dex: 15    Spells: 4 memorised, 5 levels left

rFire  + . .     SeeInvis .     n - +0 dagger (venom)
rCold  x . .     Gourm    .     a - +1 robe
rNeg   . . .     Faith    .     (no shield)
rPois  .         Spirit   .     (no helmet)
rElec  .         Reflect  .     (no cloak)
rCorr  +         Harm     .     (no gloves)
MR     .....                    (no boots)
Stlth  +++.......               (no amulet)
                                w - ring of fire
                                v - ring of resist corrosion

@: no status effects
A: no striking features
a: no special abilities


You were on level 4 of the Dungeon.
You were not hungry.

You visited 1 branch of the dungeon, and saw 4 of its levels.

You collected 240 gold pieces.

Inventory:

Hand Weapons
 i - a +0 short sword
 n - a +0 dagger of venom (weapon)
Armour
 a - a +1 robe (worn)
Magical Staves
 p - an uncursed staff of cold
Jewellery
 v - a ring of resist corrosion (left hand)
 w - a ring of fire (right hand)
Wands
 o - a wand of random effects (30/48)
Scrolls
 r - a scroll of remove curse
Potions
 d - a potion of curing
 e - 2 potions of mutation
 f - a potion of berserk rage
 g - a potion of flight
 h - 3 potions of degeneration {unknown}
 k - 2 potions of agility {unknown}
 l - 3 potions of invisibility {unknown}
 m - a potion of might {unknown}
 s - 2 potions of cancellation {unknown}
 t - 2 potions of magic {unknown}
 z - 4 potions of lignification {unknown}
 B - a potion of brilliance {unknown}
 C - 2 potions of cure mutation {unknown}
 D - a potion of haste {unknown}
Books
 b - a book of Conjurations

   Spells                             Type                      Level
   a - Magic Dart                     Conjuration                  1
   b - Searing Ray                    Conjuration                  2
   c - Dazzling Spray                 Conjuration/Hexes            3
   d - Fulminant Prism                Conjuration/Hexes            4
   e - Iskenderun's Mystic Blast      Conjuration                  4
   f - Iskenderun's Battlesphere      Conjuration/Charms           5
Comestibles
 c - 5 bread rations
 q - a beef jerky
 u - 2 slices of pizza
 x - 7 fruits
 A - a meat ration


   Skills:
 + Level 4.2 Dodging
 + Level 5.2 Stealth
 + Level 5.1 Spellcasting
 * Level 6.6 Conjurations


You had 5 spell levels left.
You knew the following spells:

 Your Spells              Type           Power        Failure   Level  Hunger
a - Magic Dart            Conj           ####         1%          1    None
b - Iskenderun's Mystic   Conj           ####....     10%         4    ####...
c - Dazzling Spray        Conj/Hex       ###...       10%         3    ##.....
d - Searing Ray           Conj           ####..       1%          2    None


Dungeon Overview and Level Annotations

Branches:
Dungeon (4/15)
 Temple: D:4-7

Altars:
Ashenzari
Fedhas
Qazlal

Annotations:
D:4 Duvessa


Message History

Confirm with . or Enter, or press ? or * to list all spells.
Aiming: Iskenderun's Mystic Blast
Press: ? - help, Shift-Dir - straight line, f/p - Duvessa
Aim: Duvessa, wielding a short sword (lightly wounded, berserk, fast, unusually strong)
The orb of energy hits Duvessa.
Duvessa is heavily wounded.
The orb of energy explodes!
Duvessa hits you with a short sword! x2
* * * LOW HITPOINT WARNING * * *
Okay, then.
Okay, then.
Okay, then.
Casting: Iskenderun's Mystic Blast
Confirm with . or Enter, or press ? or * to list all spells.
Aiming: Iskenderun's Mystic Blast
Press: ? - help, Shift-Dir - straight line, f/p - Duvessa
Aim: Duvessa, wielding a short sword (heavily wounded, berserk, fast, unusually strong)
The orb of energy hits Duvessa.
Duvessa is severely wounded.
The orb of energy explodes!
Duvessa hits you with a short sword!
You die...

#.# #.### #..
..... #.# .### #.#
#.# #.# #
#.#####.##
#########.##.@e..#
#................#
##.######.##.....#
#.#......##.....#
#.#.#######.<...#
#.# #.....#
####### #.#
##.#'## #.....#
#.# #.#.#
####.....## #.#
#.#)####.......>..


You could see Duvessa (berserk).

Vanquished Creatures
  An ogre (D:4)
  Dowan (D:4)
  2 scorpions (D:4)
  A howler monkey (D:4)
  A centaur skeleton (D:4)
  Natasha (D:3)
  9 adders
  An ooze (D:3)
  A worm (D:2)
  4 dart slugs
  5 leopard geckos
  5 orcs
  7 bats
  3 giant cockroaches
  10 goblins
  9 hobgoblins
  15 kobolds
  2 ball pythons (D:1)
  4 frilled lizards
  5 rats
87 creatures vanquished.

Notes
Turn   | Place    | Note
-------+----------+-------------------------------------------
     0 | D:1      | Jynx the Deep Elf Conjurer began the quest for the Orb.
     0 | D:1      | Reached XP level 1. HP: 10/10 MP: 6/6
   343 | D:1      | Reached XP level 2. HP: 15/15 MP: 5/8
   429 | D:1      | Found a shattered altar of Ashenzari.
   801 | D:1      | Reached XP level 3. HP: 19/19 MP: 7/10
  1365 | D:2      | Reached skill level 5 in Conjurations
  1516 | D:2      | Found a faded altar of an unknown god.
  1564 | D:2      | Reached XP level 4. HP: 24/24 MP: 5/11
  1878 | D:2      | Found a stormy altar of Qazlal.
  2046 | D:2      | Found a blossoming altar of Fedhas.
  2089 | D:2      | Learned a level 2 spell: Searing Ray
  2093 | D:2      | Learned a level 3 spell: Dazzling Spray
  2559 | D:3      | Learned a level 4 spell: Iskenderun's Mystic Blast
  2584 | D:3      | Reached XP level 5. HP: 28/28 MP: 10/13
  2749 | D:3      | Noticed Natasha
  2754 | D:3      | Killed Natasha
  2898 | D:4      | Noticed an ogre
  3095 | D:4      | Noticed Dowan
  3098 | D:4      | Noticed Duvessa
  3108 | D:4      | Killed Dowan
  3278 | D:4      | Reached XP level 6. HP: 26/32 MP: 9/15
  3461 | D:4      | Reached skill level 6 in Conjurations
  3639 | D:4      | Reached skill level 5 in Stealth
  3639 | D:4      | Reached skill level 5 in Spellcasting
  4003 | D:4      | Mangled by Duvessa

Skill      XL: |  1  2  3  4  5  6 |
---------------+-------------------+-----
Stealth        | 3 4 5 |  5.2
Conjurations   | 5 6 |  6.6
Spellcasting   | 4 5 |  5.1
Dodging        | 3 4 |  4.2

Action                   |  1- 3 |  4- 6 || total
-------------------------+-------+-------++-------
Melee: Dagger            |       |    10 ||    10
 Cast: Magic Dart        |    87 |   112 ||   199
       Iskenderun's Myst |       |    11 ||    11
       Searing Ray       |       |     1 ||     1
  Use: Scroll            |     4 |     8 ||    12
  Eat: Chunk             |     2 |     9 ||    11
Armor: Robe              |     1 |     2 ||     3
Dodge: Dodged            |    11 |    20 ||    31
